Map: Orbital Shipyard

Players

Jay - Winner!

  • Race: Zerg Zerg
  • League: Gold

Javert

  • Race: Zerg Zerg
  • League: Grandmaster

VOD

Have the link to the VOD?

Description

Time

  • Played on: July 14, 2015, 7:30 p.m.
  • Length: 6:50
Show
View Real Time Build Order
Export as new Build Order

Jay Zerg - Winner!

Build Orders: Pool First 

Get SALT Encoding   

  12  0:01  Drone  
  13  0:11  Drone  
  14  0:19  Extractor  
  14  0:20  Drone  
  14  0:33  Spawning Pool  
  13  0:35  Drone  
  14  0:44  Overlord  
  14  1:04  Drone  
  15  1:21  Zergling x6  
  15  1:24  Metabolic Boost  
  18  1:26  Queen  
  18  1:32  Zergling x2  
  21  1:42  Drone  
  22  1:53  Overlord  
  22  2:15  Hatchery  
  22  2:18  Zergling x4  
  23  2:26  Zergling x2  
  24  2:36  Zergling x8  
  28  2:48  Overlord  
  28  2:53  Zergling x2  
  25  3:20  Zergling x10  
  26  3:39  Zergling x2  
  23  3:43  Zergling x2  
  24  3:49  Zergling x4  
  24  3:50  Zergling x2  
  24  3:52  Zergling x2  
  26  4:01  Zergling x4  
  25  4:04  Queen  
  27  4:11  Zergling x2  
  27  4:22  Zergling x12  
  30  4:30  Zergling x2  
  31  4:35  Zergling x2  
  32  4:48  Zergling x4  
  30  4:53  Zergling x2  
  30  4:59  Zergling x2  
  32  5:03  Zergling x2  
  27  5:25  Zergling x14  
  32  5:33  Baneling Nest  
  32  5:34  Zergling x12  
  36  5:38  Zergling x2  
  35  5:53  Zergling x6  
  37  6:02  Zergling x6  
  36  6:24  Baneling  
  36  6:25  Baneling x7  
  34  6:28  Zergling x4  
  34  6:32  Zergling x2  
Show
View Real Time Build Order
Export as new Build Order

Javert Zerg 

Build Orders: Hatch First 

Get SALT Encoding   

  12  0:01  Drone  
  13  0:13  Overlord  
  13  0:19  Drone  
  14  0:32  Drone x2  
  16  0:49  Hatchery  
  15  0:53  Drone  
  15  0:56  Extractor  
  15  0:58  Drone  
  15  1:00  Drone  
  17  1:08  Drone  
  18  1:19  Spawning Pool  
  18  1:21  Drone  
  18  1:40  Drone  
  18  1:41  Drone  
  20  1:53  Overlord  
  20  2:06  Metabolic Boost, Queen  
  20  2:07  Queen  
  24  2:11  Zergling x4  
  26  2:18  Drone x2  
  28  2:25  Drone x2  
  30  2:34  Overlord  
  30  2:40  Spine Crawler  
  30  2:41  Zergling x2  
  30  2:52  Evolution Chamber  
  30  2:55  Zergling x8  
  30  3:17  Zergling x2  
  30  3:18  Zergling x14  
  29  3:41  Queen  
  29  3:44  Drone x2  
  33  3:51  Spore Crawler  
  32  3:57  Drone x2  
  33  4:06  Drone x2  
  33  4:22  Zergling x8  
  35  4:33  Drone x2  
  36  4:47  Evolution Chamber  
  36  4:49  Drone x5  
  39  4:53  Drone x2  
  42  5:07  Zergling x6  
  39  5:31  Lair  
  39  5:32  Extractor  
  38  5:45  Zergling x2  
  38  5:46  Zergling x12  
  41  5:53  Evolution Chamber  
  39  5:58  Drone x2  
  39  6:00  Extractor  
  40  6:06  Overlord  
  40  6:07  Overlord  
  39  6:16  Zergling x10  
  38  6:30  Zergling x10  
  38  6:31  Zergling x4  
  45  6:36  Drone x4  
  45  6:49  Spine Crawler  
Tags
 
Add a new tag
Caveats
  • Supply blocks, unpowered buildings, or Contaminate may cause inaccurate times.
  • Supply counts are checked every 10 seconds.